Map: Paladino Terminal LE

Players

Musumeci - Winner!

  • Race: Zerg Zerg
  • League: Diamond
  • Spawn Location: 9:00

Czolg

  • Race: Zerg Zerg
  • League: Diamond
  • Spawn Location: 5:00

VOD

Have the link to the VOD?

Description

Time

  • Played on: March 23, 2017, 5:43 p.m.
  • Length: 5:47
Show
View Real Time Build Order
Export as new Build Order

Musumeci Zerg - Winner!

Build Orders: Hatch First, Zergling Baneling 

Get SALT Encoding   

  12  0:00  Drone  
  13  0:14  Overlord  
  13  0:23  Drone  
  13  0:26  Drone, Extractor  
  15  0:34  Drone  
  16  0:36  Drone  
  17  0:57  Hatchery  
  17  1:02  Drone  
  17  1:13  Spawning Pool  
  17  1:16  Drone  
  17  1:19  Extractor  
  17  1:22  Drone  
  17  1:28  Drone  
  17  1:30  Drone  
  19  1:40  Overlord  
  19  1:51  Drone  
  20  1:59  Queen  
  22  2:06  Zergling x2  
  23  2:10  Zergling x2  
  23  2:13  Zergling x2  
  25  2:20  Queen  
  25  2:21  Zergling x2  
  28  2:24  Zergling x2  
  29  2:44  Baneling Nest  
  29  2:47  Zergling x8  
  32  3:14  Zergling x8  
  32  3:17  Overlord  
  28  3:37  Zergling x10  
  32  3:44  Metabolic Boost  
  32  3:50  Baneling x2  
  32  3:51  Baneling x2  
  32  3:56  Baneling x2  
  32  3:57  Baneling x2  
  30  4:14  Baneling x2  
  28  4:21  Zergling x8  
  28  4:22  Zergling x14  
  35  4:37  Zergling x6  
  38  4:51  Zergling x2  
  38  4:52  Zergling x8  
Show
View Real Time Build Order
Export as new Build Order

Czolg Zerg 

Build Orders: Pool First 

Get SALT Encoding   

  12  0:01  Drone  
  13  0:11  Drone  
  13  0:14  Extractor  
  13  0:15  Drone  
  15  0:32  Spawning Pool  
  14  0:36  Extractor  
  14  0:39  Drone, Extractor  
  14  0:46  Overlord  
  14  1:05  Drone  
  14  1:06  Drone x2  
  17  1:19  Queen  
  17  1:21  Drone  
  20  1:29  Overlord  
  20  1:41  Metabolic Boost  
  20  2:00  Hatchery  
  19  2:03  Drone  
  19  2:06  Drone  
  21  2:15  Baneling Nest  
  20  2:17  Drone  
  21  2:27  Queen  
  23  2:32  Zergling x2  
  23  2:35  Zergling x2  
  25  2:38  Drone  
  26  2:46  Overlord  
  26  2:50  Drone  
  25  3:08  Baneling  
  25  3:09  Baneling x3, Zergling x2  
  25  3:10  Zergling x6  
  29  3:17  Zergling x4  
  31  3:25  Zergling x4  
  31  3:36  Drone  
  31  3:37  Drone  
  33  3:46  Baneling x3  
  33  3:58  Spine Crawler  
  33  3:59  Drone  
  33  4:00  Drone x2, Evolution Chamber  
  34  4:06  Drone  
  34  4:07  Drone x2  
  33  4:30  Hatchery  
  32  4:37  Drone x2  
  34  4:42  Drone  
  33  5:07  Drone x2  
  34  5:21  Drone  
  34  5:27  Spine Crawler  
  33  5:28  Drone  
  33  5:29  Drone x2  
  33  5:31  Spine Crawler  
  35  5:35  Roach Warren  
Tags
 
Add a new tag
Caveats
  • Supply blocks, unpowered buildings, or Contaminate may cause inaccurate times.
  • Supply counts are checked every 10 seconds.